 Dungeon Crawl Stone Soup version 0.23.1-41-g7e51ed3 (console) character file.

Game seed: 11269475485009005476

8435 jt the Carver (level 11, 0/70 HPs)
             Began as an Octopode Monk on Mar 29, 2019.
             Was a High Priest of Hepliaklqana.
             Slain by an ice devil (6 damage)
             ... on level 3 of the Lair of Beasts.
             The game lasted 00:39:11 (11720 turns).

jt the Carver (Octopode Monk)                      Turns: 11720, Time: 00:39:12

Health: 0/70       AC:  3    Str: 12    XL:     11   Next: 30%
Magic:  14/14      EV: 18    Int: 14    God:    Hepliaklqana [*****.]
Gold:   276        SH:  5    Dex: 17    Spells: 10/13 levels left

rFire    x . .     SeeInvis .   a - +0 falchion
rCold    + . .     Gourm    .   P - +0 buckler
rNeg     . . .     Faith    +   (helmet restricted)
rPois    .         Spirit   .   m - amulet of faith
rElec    .         Reflect  .   e - ring of wizardry
rCorr    .         Harm     .   l - ring of flight
MR       .....                  J - ring of ice
Stlth    ++++......             (no ring)
HPRegen  0.21/turn              (no ring)
MPRegen  0.14/turn              (no ring)
                                (no ring)
                                (no ring)

@: no status effects
A: almost no armour, stealthy swim, amphibious, 8 rings, constrict 8, reduced
essence, slimy green scales 1, camouflage 1, agile 1, mutation resistance 1,
gelatinous body 1
a: Recall Ancestor, Ancestor Identity, Transference, Idealise, Renounce
Religion, Evoke Flight


You were on level 3 of the Lair of Beasts.
You worshipped Hepliaklqana.
Hepliaklqana was extremely pleased with you.
You were not hungry.

You visited 3 branches of the dungeon, and saw 12 of its levels.

You collected 601 gold pieces.
You spent 325 gold pieces at shops.

Inventory:

Hand Weapons
 a - a +0 falchion (weapon)
 c - a +0 dagger of draining
 f - a +0 hunting sling
 n - a +0 hunting sling
 t - a +0 blowgun
 B - a +0 bardiche
 D - a +4 flail of holy wrath
 G - a +2 spear of venom
 L - a +2 quarterstaff of chaos
Missiles
 d - 361 stones (quivered)
 i - 88 bolts
 k - 5 needles of sleeping
 p - 5 poisoned needles
 y - 60 sling bullets
 O - a curare-tipped needle
Armour
 P - a +0 buckler (worn)
Jewellery
 e - a ring of wizardry (left tentacle)
 l - a ring of flight (right tentacle)
 m - an amulet of faith (around mantle)
 J - a ring of ice (on tentacle)
Wands
 C - a wand of disintegration (12)
 F - a wand of polymorph (7)
 I - a wand of flame (8)
 M - a wand of paralysis (16)
 N - a wand of iceblast (6)
Scrolls
 g - 11 scrolls of identify
 j - 5 scrolls of remove curse
 q - 2 scrolls of teleportation
 u - a scroll of blinking
Potions
 h - 3 potions of might
 s - 2 potions of heal wounds
 v - 3 potions of mutation
 z - 2 potions of flight
 E - 3 potions of curing
 K - a potion of invisibility
 Q - a potion of haste
Comestibles
 b - 15 rations


   Skills:
 + Level 8.9 Fighting
 + Level 10.5 Long Blades
 - Level 2.1 Throwing
 - Level 6.9 Dodging
 - Level 5.9 Stealth
 + Level 4.2 Shields
 - Level 1.6 Spellcasting
 - Level 1.0 Hexes
 - Level 5.0 Invocations
 + Level 4.8 Evocations


You had 10 spell levels left.
You knew the following spells:

 Your Spells              Type           Power        Failure   Level  Hunger
a - Confusing Touch       Hex            #.....       6%          1    ##.....
c - Ensorcelled Hibernat  Hex/Ice        #.....       12%         2    ###....

Your spell library contained the following spells:

 Spells                   Type           Power        Failure   Level  Hunger
 Corona                   Hex            #......      6%          1    ##.....
 Confuse                  Hex            #.......     19%         3    ####...
 Tukima's Dance           Hex            #.......     19%         3    ####...
 Dazzling Spray           Conj/Hex       #.....       24%         3    ####...
 Gell's Gravitas          Tloc           #.........   28%         3    ####...
 Petrify                  Tmut/Erth      #.......     65%         4    #####..
 Metabolic Englaciation   Hex/Ice        #.........   89%         5    ######.
 Yara's Violent Unravell  Hex/Tmut       #.........   89%         5    ######.


Dungeon Overview and Level Annotations

Branches:
Dungeon (8/15)             Temple (1/1) D:7            Lair (3/6) D:8
  Swamp: Lair:2-4    Shoals: Lair:2-4     Snake: Lair:2-4    Spider: Lair:2-4

Altars:
Ashenzari
Dithmenos
Elyvilon
Gozag
Hepliaklqana
Kikubaaqudgha
Makhleb
Okawaru
Trog
Uskayaw
Xom
Yredelemnul
Zin

Shops:
D:7 *

Portals:
Ice
Cave: Lair:3


Innate Abilities, Weirdness & Mutations

You cannot wear most types of armour.
You are very stealthy in the water. (Stealth+)
You are amphibious.
You can wear up to eight rings at the same time.
You can use your tentacles to constrict eight enemies at once.
Your skin changes colour to match your surroundings (Stealth+).
Your rubbery body absorbs attacks. (AC +1, EV +1)
Your life essence is reduced to manifest your ancestor. (-10% HP)
You are partially covered in slimy green scales. (AC +2)
You are agile. (Dex +2)
You are somewhat resistant to further mutation.


Message History

Evoke which item? (* to show all) (? for menu, Esc to quit)
Aiming: Throw Flame
Press: ? - help, Shift-Dir - straight line, f/p - ice devil
Aim: an ice devil (severely wounded)
The puff of flame hits the ice devil!
The ice devil is burned terribly!
The ice devil is almost dead.
The ice devil hits you!
* * * LOW HITPOINT WARNING * * *
The ice devil freezes you. You resist.
* * * LOW HITPOINT WARNING * * *
Evoke which item? (* to show all) (? for menu, Esc to quit)
Aiming: Throw Flame
Press: ? - help, Shift-Dir - straight line, f/p - ice devil
Aim: an ice devil (almost dead)
The puff of flame hits the ice devil but does no damage.
The ice devil is almost dead.
The ice devil hits you!
* * * LOW HITPOINT WARNING * * *
The ice devil freezes you. You resist.
You die...

**,,,,,,,,.......####..#....##
*,,,,,,,,...................#
,,,,,,,,....................##
,,,,,,,,.....................#
,,,,,,,,....................##
,,,,,,,,.........###..#+PP..#
,,,,,,,,.........###....P...#
,,,,,,,,....................##
,,,,,*****#.....@.#..........#
,,,,,,,***##...4##########...#
,,,,,,,,..#.....# *****##..##
,,,,,,,,........###*,,..##...##
,,,,,,,,..P.....'.##....##....#
,,,,,**,........#......∩##..###
,,,,,**,###.....+.##....##...#
,,,,,**,*#......###*,...##...#
,,,,,,,,........# ***####.†##


You could see an ice devil.

Vanquished Creatures
  A hydra (Lair:2)
  A two-headed ogre (D:8)
  Pikel (D:6)
  A spiny frog (Lair:2)
  A komodo dragon (Lair:2)
  A rime drake (Lair:1)
  An ice devil (Lair:3)
  A hippogriff (Lair:2)
  Edmund (D:4)
  3 water moccasins
  Duvessa (D:6)
  2 porcupines (Lair:1)
  3 orc warriors
  A necrophage (D:7)
  An ogre (D:2)
  A phantom (D:7)
  A centaur (D:7)
  5 bullfrogs
  Dowan (D:6)
  A wyvern skeleton (D:7)
  A howler monkey (D:5)
  An electric eel (Lair:2)
  2 crimson imps
  A bullfrog zombie (D:6)
  A centaur zombie (D:6)
  5 hounds
  A bullfrog skeleton (D:8)
  4 orc priests
  Crazy Yiuf (D:7)
  A worker ant (D:8)
  2 iguanas
  3 orc wizards
  A hound zombie (D:7)
  2 hound skeletons
  A worker ant zombie (D:5)
  2 gnolls (D:5)
  8 adders
  3 worms
  3 dart slugs
  A leopard gecko (D:7)
  30 orcs
  2 ball pythons
  3 bats
  5 giant cockroaches
  8 goblins
  11 hobgoblins
  3 jackals (D:6)
  3 quokkas
  2 frilled lizards
  A jackal skeleton (D:6)
  5 kobolds
  A leopard gecko skeleton (D:7)
  A quokka zombie (D:7)
  7 rats
155 creatures vanquished.

Vanquished Creatures (collateral kills)
  2 spiny frogs
  A basilisk (Lair:2)
  A wyvern (D:5)
  2 water moccasins (Lair:2)
  A porcupine (Lair:1)
  3 phantoms (D:4)
  A sky beast (D:6)
  An orc warrior (D:8)
  4 ogres
  2 centaurs
  2 crocodiles (Lair:2)
  A bullfrog (Lair:2)
  2 scorpions
  A jelly (D:6)
  A howler monkey (D:6)
  2 hounds
  An iguana (D:6)
  6 orc wizards
  A worker ant (D:4)
  2 hound zombies (D:7)
  2 adders
  2 gnolls (D:5)
  12 orcs
  A giant cockroach (D:3)
  A hobgoblin (D:3)
  A jackal (D:6)
  A quokka (D:6)
  2 kobolds (D:3)
59 creatures vanquished.

Vanquished Creatures (others)
  A wizard (D:3)
  4 hexers
  2 ancestors
  2 fungi (Lair:2)
  A plant (Lair:2)
10 creatures vanquished.

Grand Total: 224 creatures vanquished

Notes
Turn   | Place    | Note
-------+----------+-------------------------------------------
     0 | D:1      | jt the Octopode Monk began the quest for the Orb.
     0 | D:1      | Reached XP level 1. HP: 16/16 MP: 1/1
   175 | D:1      | Reached XP level 2. HP: 16/21 MP: 2/2
   550 | D:1      | Reached skill level 4 in Long Blades
   655 | D:1      | Reached XP level 3. HP: 26/26 MP: 3/3
  1138 | D:1      | Gained mutation: You are partially covered in slimy green
                  | scales. (AC +2) [potion of mutation]
  1138 | D:1      | Gained mutation: You are agile. (Dex +2) [potion of
                  | mutation]
  1138 | D:1      | Gained mutation: You are somewhat resistant to further
                  | mutation. [potion of mutation]
  1313 | D:2      | Found a hazy altar of Hepliaklqana.
  1413 | D:2      | Became a worshipper of Hepliaklqana the Forgotten
  1413 | D:2      | Reached * piety under Hepliaklqana
  1413 | D:2      | Reached ** piety under Hepliaklqana
  1622 | D:2      | Reached XP level 4. HP: 27/27 MP: 4/4
  1779 | D:2      | Found a white marble altar of Elyvilon.
  1928 | D:2      | Noticed an ogre
  1930 | D:2      | Found a shimmering altar of Xom.
  1931 | D:2      | Noticed an ogre
  1936 | D:2      | Killed an ogre
  1936 | D:2      | Reached skill level 5 in Long Blades
  1936 | D:2      | Reached XP level 5. HP: 32/32 MP: 5/5
  1962 | D:2      | Killed an ogre
  1962 | D:2      | Reached skill level 6 in Long Blades
  1962 | D:2      | Reached XP level 6. HP: 25/37 MP: 6/6
  2822 | D:3      | Found an opulent altar of Gozag.
  2959 | D:3      | Found a bloodstained altar of Trog.
  2960 | D:3      | Noticed a wizard
  2966 | D:3      | Killed a wizard
  3078 | D:4      | Reached *** piety under Hepliaklqana
  3195 | D:4      | Reached skill level 7 in Long Blades
  3195 | D:4      | Reached skill level 1 in Throwing
  3359 | D:5      | Entered Level 5 of the Dungeon
  3373 | D:4      | Reached XP level 7. HP: 42/42 MP: 7/7
  3631 | D:4      | Remembered your ancestor Servius as a hexer
  3936 | D:4      | Noticed Edmund
  3966 | D:4      | Killed Edmund
  3966 | D:4      | Reached skill level 1 in Invocations
  4141 | D:4      | Reached XP level 8. HP: 39/48 MP: 9/9
  4290 | D:4      | Learned a level 1 spell: Confusing Touch
  4342 | D:4      | Found a glowing silver altar of Zin.
  4342 | D:4      | Found a basalt altar of Yredelemnul.
  4344 | D:4      | Found an iron altar of Okawaru.
  4782 | D:5      | You fall through a shaft!
  4782 | D:6      | Found a shattered altar of Ashenzari.
  4808 | D:6      | Reached skill level 1 in Hexes
  4889 | D:6      | Reached skill level 5 in Fighting
  5138 | D:6      | Reached skill level 1 in Spellcasting
  5401 | D:5      | Noticed a wyvern
  5408 | D:5      | Killed a wyvern
  5408 | D:5      | Reached skill level 8 in Long Blades
  5578 | D:5      | Found a shadowy altar of Dithmenos.
  5660 | D:5      | Reached XP level 9. HP: 52/55 MP: 11/11
  5830 | D:5      | Found a shadowy altar of Dithmenos.
  5913 | D:5      | Reached **** piety under Hepliaklqana
  6007 | D:6      | Noticed Dowan
  6009 | D:6      | Noticed Duvessa
  6020 | D:6      | Killed Duvessa
  6036 | D:6      | Killed Dowan
  6036 | D:6      | Reached skill level 5 in Dodging
  6171 | D:6      | Found an ancient bone altar of Kikubaaqudgha.
  6548 | D:6      | Noticed Pikel
  6564 | D:6      | Killed Pikel
  6564 | D:6      | Reached skill level 5 in Stealth
  6839 | D:7      | Reached skill level 5 in Invocations
  6863 | D:7      | Found a burning altar of Makhleb.
  6924 | D:7      | Reached skill level 1 in Evocations
  6979 | D:7      | Found a hide-covered altar of Uskayaw.
  7044 | D:7      | Found a staircase to the Ecumenical Temple.
  7053 | Temple   | Entered the Ecumenical Temple
  7143 | D:7      | Reached skill level 9 in Long Blades
  7216 | D:7      | Found Witow's Assorted Antiques.
  7226 | D:7      | Reached XP level 10. HP: 58/62 MP: 13/13
  7227 | D:7      | Bought a copper wand for 100 gold pieces
  7227 | D:7      | Bought a jewelled ivory wand for 100 gold pieces
  7227 | D:7      | Bought an ivory ring for 125 gold pieces
  7236 | D:7      | Learned a level 3 spell: Gell's Gravitas
  7295 | D:7      | Found a runed translucent door.
  7296 | D:7      | Noticed Crazy Yiuf
  7309 | D:7      | Killed Crazy Yiuf
  7409 | D:7      | Reached ***** piety under Hepliaklqana
  8261 | D:8      | Noticed a two-headed ogre
  8309 | D:8      | Killed a two-headed ogre
  8737 | D:8      | Found a staircase to the Lair.
  8750 | Lair:1   | Entered Level 1 of the Lair of Beasts
  8995 | Lair:1   | Reached skill level 1 in Shields
  9203 | Lair:1   | Noticed a spiny frog
  9217 | Lair:1   | Killed a spiny frog
  9250 | Lair:1   | Learned a level 2 spell: Ensorcelled Hibernation
  9848 | Lair:2   | Reached skill level 10 in Long Blades
 10070 | Lair:2   | Noticed a six-headed hydra
 10086 | Lair:2   | Killed a six-headed hydra
 10086 | Lair:2   | Reached XP level 11. HP: 40/70 MP: 14/14
 11682 | Lair:3   | Found a frozen archway.
 11720 | Lair:3   | Slain by an ice devil

Skill      XL: |  1  2  3  4  5  6  7  8  9 10 11 |
---------------+----------------------------------+-----
Long Blades    | 4 5 6 7 8 9 10 | 10.5
Throwing       | 1 2 |  2.1
Fighting       | 4 5 6 8 |  8.9
Invocations    | 2 3 5 |  5.0
Hexes          | 1 |  1.0
Dodging        | 4 6 |  6.9
Spellcasting   | 1 |  1.6
Stealth        | 3 5 |  5.9
Evocations     | 1 3 4 |  4.8
Shields        | 3 4 |  4.2

Action                   |  1- 3 |  4- 6 |  7- 9 | 10-12 || total
-------------------------+-------+-------+-------+-------++-------
Melee: Falchion          |    61 |    61 |   232 |   174 ||   528
       Constrict         |    20 |    18 |    56 |    41 ||   135
       Tentacles         |     7 |    23 |    65 |    58 ||   153
 Fire: Blowgun           |       |     3 |       |     6 ||     9
       Hunting sling     |       |       |    67 |    38 ||   105
Throw: Stone             |     1 |     1 |     9 |     2 ||    13
 Cast: Confusing Touch   |       |       |     3 |     1 ||     4
       Ensorcelled Hiber |       |       |       |     1 ||     1
Invok: Recall Ancestor   |       |       |     3 |     2 ||     5
       Ancestor Life: He |       |       |     1 |       ||     1
       Transference      |       |       |     1 |       ||     1
Evoke: Wand              |       |       |       |    13 ||    13
  Use: Potion            |     3 |       |     3 |     1 ||     7
       Scroll            |       |       |     3 |     9 ||    12
 Stab: Sleeping          |    13 |     4 |    17 |    10 ||    44
       Confused          |       |       |     5 |     4 ||     9
       Distracted        |       |       |     3 |     1 ||     4
       Invisible         |       |       |     4 |       ||     4
  Eat: Chunk             |     2 |     6 |     9 |     6 ||    23
       Ration            |       |       |     1 |     3 ||     4
Armor: Skin              |     4 |     7 |    16 |     7 ||    34
Dodge: Dodged            |    28 |    56 |   128 |   111 ||   323
Block: Buckler           |       |       |       |    26 ||    26
       Rpst.: Falchion   |     9 |    18 |    43 |    30 ||   100
